[Event "*** MasterClass Titled Tuesday Blitz"]
[Site "Chess.com"]
[Date "2017.08.01"]
[Round "8"]
[White "josiwales"]
[Black "SipkeErnst"]
[Result "1-0"]
[WhiteElo "2300"]
[BlackElo "2496"]
[TimeControl "180+2"]
[EndTime "14:51:06 PDT"]
[Termination "josiwales won on time"]

1. e4 e5 2. Nf3 Nc6 3. Bc4 Bc5 4.
O-O d6 5. h3 Nf6 6. d3 a6 7. c3 Ba7 8. Be3 O-O 9. Nbd2 Bxe3 10.
fxe3 d5 11. exd5 Nxd5 12. Bxd5 Qxd5 13. Qe2 f6 14. Rae1 a5 15. d4 Qxa2 16. dxe5 fxe5 17. Nc4 Be6 18. Nfxe5 Nxe5 19. Nxe5 Qd5 20. Nf3 Rae8 21.
e4 Qc5+ 22. Kh1 Bc4 23. Qf2 Qc6 24. Rg1 Rxe4 25. Qc2 Bd5 26. Ne5 Rh4 27. Qd3 Qe6 28. Kh2 Qd6 29. Qg3 Rh6 30. c4 Bc6 31. Rd1 Qe7 32. Rge1 Qh4 33. Qd3 Be8 34. Qd5+ Kh8 35. Nf7+ Bxf7 36. Qxf7 Rf6 37. Qxc7 h6 38. Re7 Rf2 39.
Rxg7 Qe4 40. Rdd7 Qf4+ 41. Qxf4 R8xf4 42. Rxb7 Rxc4 43. Rgd7 Rc8 44. Rh7+ Kg8 45. Rxh6 Rcc2 46. Rg6+ Kh8 47. Rb5 Kh7 48. Rg4 Kh6 49. Rb6+ Kh5 50. Rb8 Rf6 51. Kg3 1-0

[Event "*** MasterClass Titled Tuesday Blitz"]
[Site "Chess.com"]
[Date "2017.08.01"]
[Round "8"]
[White "Journey_to_GrandMaster_YT"]
[Black "oskariot"]
[Result "1/2-1/2"]
[WhiteElo "2354"]
[BlackElo "2496"]
[TimeControl "180+2"]
[EndTime "14:51:06 PDT"]
[Termination "Game drawn by repetition"]

1. d4 Nf6 2. Nf3 g6 3. g3 Bg7 4. Bg2 O-O 5. O-O d6 6. b3 a5 7. a4 Na6 8. Bb2 c6 9. Nbd2 Bf5 10. Re1 d5 11. Nh4 Bg4 12. h3 Bc8 13. e4 dxe4 14.
Nxe4 Nxe4 15. Rxe4 Be6 16. c3 Bd5 17. Re2 Bxg2 18. Nxg2 c5 19. d5 c4 20. bxc4 Rc8 21.
Ne3 Qd7 22. Qb3 Nc5 23. Qb5 Qxh3 24. Ng2 Nd3 25. Rxe7 Ne5 26. Rxe5 Bxe5 27. c5 Qf5 28. Re1 Bg7 29. Ne3 Qf3 30. c4 Bxb2 31. Qxb2 Rxc5 32.
Qxb7 h5 33. Qe7 Rcc8 34. d6 Rce8 35. Qg5 Qc6 36. c5 Qxa4 37. Qd5 Re4 38. Rd1 h4 39. d7 Rd8 40. gxh4 Rxh4 41. c6 Rg4+ 42. Nxg4 Qxg4+ 43. Kf1 Qh3+ 44. Qg2 Qb3 45. Qd5 Qh3+ 46. Qg2 Qb3 47. Qd5 Qh3+ 48. Kg1 Qg4+ 49. Kh2 Qh4+ 50. Kg2 Qg4+ 51. Kf1 Qh3+ 1/2-1/2

[Event "*** MasterClass Titled Tuesday Blitz"]
[Site "Chess.com"]
[Date "2017.08.01"]
[Round "8"]
[White "guilty93"]
[Black "ChessNinja48"]
[Result "0-1"]
[WhiteElo "2369"]
[BlackElo "2288"]
[TimeControl "180+2"]
[EndTime "14:51:06 PDT"]
[Termination "ChessNinja48 won by checkmate"]

1. d4 Nf6 2. c4 c5 3. d5 b5 4. cxb5 a6 5. bxa6 g6 6. Nc3 Bxa6 7. e4 Bxf1 8. Kxf1 d6 9. g3 Bg7 10. Kg2 O-O 11. Nf3 Nbd7 12. Qe2 Qa5 13. a4 Rfb8 14.
Bg5 h6 15. Bc1 Ng4 16. Nd2 Ngf6 17. Re1 Qa6 18. Ra3 Ne5 19. Nb5 Ne8 20. Nc4 Nxc4 21. Qxc4 Nc7 22. b3 Nxb5 23. axb5 Qb6 24. Rxa8 Rxa8 25.
b4 cxb4 26. Be3 Qa5 27. b6 Kh7 28. Qc6 b3 29. Rb1 b2 30. b7 Rb8 31. Qc8 Qa1 32.
Rxa1 Rxc8 33. Ra8 Rxa8 34. bxa8=Q b1=Q 35. Qa4 Qd3 36. h4 Bf6 37. Kf3 Kg7 38. Kg2 Be5 39.
h5 gxh5 40. Kf3 Qf1 41. Qb4 Qh1+ 42. Ke2 h4 43. gxh4 Qxh4 44. Kd3 Qg4 45. Qe1 h5 46. Qh1 h4 47. f3 Qg3 48. Ke2 Bf6 49. Bf2 Qf4 50.
Qh3 Kg6 51. Kf1 Kg5 52. Kg2 Be5 53. Kf1 Kh5 54. Kg2 Qg5+ 55. Kf1 f6 56. Ke2 Bc3 57.
Be3 Qg6 58. Bf2 Qg5 59. Be3 Qg6 60. Bf4 Be5 61. Be3 f5 62. exf5 Qg3 63. Qh1 h3 64. f4 Bc3 65. Qf3+ Qxf3+ 66. Kxf3 Be1 67. f6 exf6 68. Bd4 f5 69. Be5 Bb4 70. Bf6 h2 71. Kg2 Kg4 72. Bg5 Bd2 73. Be7 Bxf4 74. Bf6 Bg3 75.
Be7 f4 76. Bxd6 f3+ 77. Kh1 f2 78. Kg2 h1=Q+ 79. Kxh1 f1=Q# 0-1

[Event "*** MasterClass Titled Tuesday Blitz"]
[Site "Chess.com"]
[Date "2017.08.01"]
[Round "8"]
[White "Al_Shima"]
[Black "nutibara"]
[Result "0-1"]
[WhiteElo "2356"]
[BlackElo "2262"]
[TimeControl "180+2"]
[EndTime "14:51:09 PDT"]
[Termination "nutibara won by resignation"]

1. b3 d5 2. Bb2 c5 3. e3 a6 4.
f4 Nc6 5. Nf3 d4 6. Bd3 g6 7. e4 Nh6 8. a4 Bg7 9. Na3 b6 10. Qe2 Bb7 11. O-O-O Qc7 12. e5 O-O 13. h4 Nf5 14. Rh3 Nb4 15. h5 b5 16. g4 Nxd3+ 17.
Qxd3 Nh6 18. hxg6 hxg6 19. Rg1 Bd5 20. axb5 axb5 21. Nxb5 Qb7 22. Na3 Ra6 23. Nc4 Rfa8 24. Kd1 Be4 25. Qe2 Ra2 26. d3 Bd5 27. Nfd2 Ra1+ 28.
Bc1 Qb4 29. Qh2 Bxc4 30. Nxc4 Qc3 31. Qd2 Rxc1+ 32. Qxc1 Ra1 33. Ke2 Rxc1 34. Rxc1 Nxg4 35. Rg3 Nh6 36. Nd2 Qb2 37. Kd1 Nf5 38. Nc4 Qxc1+ 39. Kxc1 Nxg3 40. Nb6 Bh6 41. Kb2 Bxf4 42. Nd7 Nf5 43.
Nxc5 Bxe5 44. b4 Bd6 45. Na6 g5 46. Kc1 g4 47. Kd2 g3 48. Ke2 e5 49. b5 Ne7 50.
b6 Nc6 51. Kf3 f5 52. Kxg3 e4+ 53. Kf2 e3+ 54. Kf3 Kf7 55. b7 Ke6 56. Ke2 Nb8 0-1

[Event "*** MasterClass Titled Tuesday Blitz"]
[Site "Chess.com"]
[Date "2017.08.01"]
[Round "8"]
[White "jeaston1"]
[Black "Big_Fishy"]
[Result "1-0"]
[WhiteElo "2208"]
[BlackElo "2219"]
[TimeControl "180+2"]
[EndTime "14:51:24 PDT"]
[Termination "jeaston1 won by checkmate"]

1. d4 Nf6 2. c4 g6 3. Nc3 Bg7 4. e4 d6 5. f3 O-O 6. Be3 c5 7. dxc5 dxc5 8. Qxd8 Rxd8 9. Bxc5 Nc6 10. Nge2 Nd7 11.
Ba3 e6 12. Rd1 b6 13. Nc1 Ba6 14. Nb3 Nde5 15. Rxd8+ Rxd8 16. Nb5 f5 17. exf5 gxf5 18. Be2 Nd3+ 19. Bxd3 Rxd3 20. Ke2 Rd7 21. Rd1 Rxd1 22. Kxd1 Ne5 23. Nd6 Nxc4 24. Nxc4 Bxc4 25. Kc2 Kf7 26. Nc1 a5 27. b3 Bd5 28. Nd3 e5 29. Bb2 Ke6 30. Kd2 Bh6+ 31. Ke2 e4 32. fxe4 Bxe4 33. g3 Kd5 34. Nf2 Bb1 35. Nd1 Be4 36. Nc3+ Kc5 37.
Na4+ Kc6 38. Bd4 b5 39. Nc3 Bc2 40. Be3 Bg7 41. Kd2 Be4 42. Nxe4 fxe4 43. Bf4 Kd5 44. Bg5 a4 45. bxa4 bxa4 46. Ke3 Bd4+ 47. Kf4 Bc5 48. Kg4 Kd4 49. Bf6+ Kd3 50. Bd8 e3 51. Kf3 e2 52.
Ba5 Be3 53. Be1 Bd2 54. Kf2 Bxe1+ 55. Kxe1 Ke3 56. g4 Kf3 57. g5 Kg2 58. h4 Kh3 59. h5 Kg4 60. g6 Kxh5 61. g7 Kh6 62. g8=Q a3 63. Kxe2 Kh5 64. Kf3 Kh4 65. Qg4# 1-0

[Event "*** MasterClass Titled Tuesday Blitz"]
[Site "Chess.com"]
[Date "2017.08.01"]
[Round "8"]
[White "popov_m"]
[Black "LastHeroJr"]
[Result "1-0"]
[WhiteElo "2431"]
[BlackElo "2414"]
[TimeControl "180+2"]
[EndTime "14:51:27 PDT"]
[Termination "popov_m won by checkmate"]

1. d4 Nf6 2. Bf4 g6 3. e3 Bg7 4. Nf3 d6 5. Be2 Nh5 6. Bg5 h6 7. Bh4 g5 8. Nfd2 Nf4 9. exf4 gxh4 10. Nf3 c5 11. c3 cxd4 12. cxd4 Nc6 13. Nc3 h3 14. g3 Bg4 15. d5 Bxf3 16. Bxf3 Nd4 17.
Bg4 Qb6 18. Rb1 Qa6 19. Qa4+ Qxa4 20. Nxa4 h5 21. Bxh3 h4 22. Bg2 Rc8 23. Nc3 b5 24.
a3 a5 25. Kd1 b4 26. axb4 axb4 27. Ne2 Nxe2 28. Kxe2 Rc2+ 29. Kf3 Bxb2 30. Rhe1 hxg3 31. hxg3 Rh2 32. Re2 b3 33. Re3 Bd4 34. Rbxb3 Bxe3 35. Rxe3 Rd2 36. g4 Rh8 37. Kg3 Kd7 38. Ra3 Rc8 39. Ra7+ Rc7 40. Ra8 Rc3+ 41. f3 Rc8 42.
Ra7+ Rc7 43. Ra5 Rd4 44. g5 e6 45. Bh3 Ke7 46. dxe6 fxe6 47. f5 exf5 48. Bxf5 Rd1 49. Be4 Rg1+ 50. Kf4 Rgc1 51. Ra8 R1c5 52. g6 Kf6 53. Rd8 Ke7 54. g7 Kxd8 55. g8=Q+ Kd7 56. Qf7+ Kc8 57. Qe8# 1-0

[Event "*** MasterClass Titled Tuesday Blitz"]
[Site "Chess.com"]
[Date "2017.08.01"]
[Round "8"]
[White "jb2mix"]
[Black "H16"]
[Result "1-0"]
[WhiteElo "2478"]
[BlackElo "2318"]
[TimeControl "180+2"]
[EndTime "14:51:35 PDT"]
[Termination "jb2mix won by checkmate"]

1. d4 b6 2. e4 Bb7 3. Nc3 g6 4.
Nf3 Bg7 5. Be2 e6 6. O-O Ne7 7. a4 a6 8. Be3 d6 9. Qd2 h6 10. Bd3 Nd7 11. Ne2 Nf6 12. Ng3 Ng4 13. c3 Nxe3 14. Qxe3 O-O 15. Rad1 Qd7 16. Bc2 Rae8 17. Qe2 Qc8 18. b4 c5 19. dxc5 dxc5 20. Rc1 Bxc3 21.
bxc5 Qxc5 22. Bd3 Qa5 23. h4 Rc8 24. h5 Bg7 25. Rb1 g5 26. Nd2 Rcd8 27. Nc4 Qxa4 28.
Rxb6 Ba8 29. Rfb1 Nc6 30. Bc2 Qa2 31. Bd3 Qa4 32. Bc2 Qa2 33. Bd3 Qxe2 34. Bxe2 a5 35.
Ra6 Bc3 36. Ne3 Rb8 37. Rxb8 Rxb8 38. Ng4 Bg7 39. Ne3 Bc3 40. Nc4 Nd4 41. Bf1 Bb7 42. Rb6 a4 43. Nd6 a3 44. Bc4 Ra8 45. Nxb7 a2 46.
Bxa2 Rxa2 47. Nd8 Ra1+ 48. Kh2 Be1 49. Nh1 Ne2 50. Rb8 Kg7 51. Rb7 Kg8 52. Nxf7 Nf4 53.
Nxh6+ Kf8 54. Nf7 Nxh5 55. Nxg5 Ra6 56. g4 Nf6 57. f3 Bc3 58. Kh3 Be5 59. Ng3 Ne8 60.
Nh5 Kg8 61. Re7 Ra7 62. Rxe8# 1-0

[Event "*** MasterClass Titled Tuesday Blitz"]
[Site "Chess.com"]
[Date "2017.08.01"]
[Round "8"]
[White "SuperBlitz"]
[Black "dzhumagaliev"]
[Result "1-0"]
[WhiteElo "2403"]
[BlackElo "2505"]
[TimeControl "180+2"]
[EndTime "14:51:35 PDT"]
[Termination "SuperBlitz won by resignation"]

1. g3 h5 2. h3 a5 3. b3 a4 4. b4 e5 5. a3 c5 6. bxc5 Bxc5 7. Bb2 Bxf2+ 8. Kxf2 Qb6+ 9. e3 Qxb2 10. Nc3 Qb6 11. Nf3 d6 12. Bc4 Nf6 13. Ng5 Rf8 14. Qf3 Qc7 15. Nb5 Qd8 16. d4 Nc6 17. Rad1 e4 18.
Qf4 d5 19. Nc7+ Ke7 20. Nxa8 dxc4 21. Nc7 Qd6 22. Qxd6+ Kxd6 23. Nb5+ Ke7 24. Nc3 Bf5 25.
Rb1 Rb8 26. Rb5 Bg6 27. Rhb1 Nd8 28. Nxa4 Ra8 29. Nb6 Rxa3 30. Nxc4 Rc3 31. Ne5 Rxc2+ 32. Ke1 Rg2 33. Nxg6+ fxg6 34. Re5+ Kd7 35. Rc1 Rxg3 36.
Kd2 Nc6 37. Rb5 Rg2+ 38. Kc3 Kc7 39. Ne6+ Kd6 40. Nf4 Rg3 41. Kd2 g5 42. Ne2 Rg2 43. Rxb7 Nd5 44. Rxg7 Nce7 45. Ra1 Kc6 46. Ra6+ Kb5 47.
Re6 Nc8 48. Re5 Nb6 49. Rgxg5 Nc4+ 50. Ke1 Nxe3 51. Rxd5+ Kc4 52. Rc5+ Kd3 53. Rxg2 Nxg2+ 54. Kf2 Ne3 55. Rc3+ Kd2 56. Rxe3 h4 57. d5 1-0

[Event "*** MasterClass Titled Tuesday Blitz"]
[Site "Chess.com"]
[Date "2017.08.01"]
[Round "8"]
[White "maciek_92"]
[Black "Witik"]
[Result "1/2-1/2"]
[WhiteElo "2541"]
[BlackElo "2585"]
[TimeControl "180+2"]
[EndTime "14:51:39 PDT"]
[Termination "Game drawn by repetition"]

1. c4 e6 2. Nf3 d5 3. g3 c6 4.
Bg2 Bd6 5. O-O f5 6. d4 Nf6 7. Nc3 O-O 8. c5 Be7 9. Bf4 Ne4 10. Qc2 b6 11. b4 bxc5 12. bxc5 Nd7 13. Rab1 Ba6 14.
Ne5 Rc8 15. Rb2 Bf6 16. Nxe4 fxe4 17. Nxd7 Qxd7 18. Qc3 Bb5 19. Rfb1 Qe8 20. e3 Qh5 21. Bd6 Rf7 22. a4 Bd3 23. Rb8 Rd8 24. Qa5 Rd7 25.
Rxd8+ Bxd8 26. Qe1 Bxb1 27. Qxb1 Qf7 28. Bh3 Rb7 29. Qc2 Bc7 30. Bg4 Bxd6 31. cxd6 Qd7 32. Qc5 Kf7 33. h4 Kf6 34. Be2 Rb2 35. Bg4 a5 36. Bh3 Qb7 37. g4 Qd7 38. g5+ Kf7 39.
Bg4 g6 40. Kg2 Rb7 41. Kg3 Rb4 42. Kf4 Rc4 43. Qa3 c5 44. Ke5 cxd4 45. exd4 Qc8 46. Qb2 Qh8+ 47. Kf4 Qf8 48. Ke5 Qh8+ 49. Kf4 Qf8 50.
Qb7+ Ke8+ 51. Ke5 Qh8+ 52. Kxe6 Qg8+ 53. Ke5 Qh8+ 54. Kxd5 Rxd4+ 55. Ke6 Qg8+ 56. Ke5 Qh8+ 57. Ke6 Qg8+ 58. Ke5 Qh8+ 59. Ke6 Qg8+ 60. Ke5 Qh8+ 61.
Ke6 Qg8+ 62. Ke5 Qh8+ 1/2-1/2

[Event "*** MasterClass Titled Tuesday Blitz"]
[Site "Chess.com"]
[Date "2017.08.01"]
[Round "8"]
[White "TregubovP"]
[Black "michaelq2d5"]
[Result "1/2-1/2"]
[WhiteElo "2528"]
[BlackElo "2595"]
[TimeControl "180+2"]
[EndTime "14:52:00 PDT"]
[Termination "Game drawn - insufficient material"]

1. d4 Nf6 2. c4 e6 3. Nc3 Bb4 4. e3 O-O 5. Bd3 c5 6. Ne2 d5 7. O-O dxc4 8. Bxc4 cxd4 9. exd4 Nc6 10. a3 Be7 11.
Bf4 b6 12. d5 exd5 13. Nxd5 Bb7 14. Nxe7+ Nxe7 15. Nc3 Ng6 16. Bg3 Rc8 17. Bb3 Re8 18.
Qxd8 Rcxd8 19. Rad1 Bc6 20. Rxd8 Rxd8 21. Rd1 Rxd1+ 22.
Bxd1 Kf8 23. Be2 Nd7 24. Bd6+ Ke8 25. f3 Ne7 26. Nb5 a5 27. Nd4 Bd5 28. Bb5 Kd8 29. Kf2 g6 30. g4 Nc8 31. Bg3 Nc5 32. Ke3 Ke7 33. h4 Nd6 34. Be2 Nc4+ 35. Bxc4 Bxc4 36. Bc7 Nd7 37. Nc6+ Ke6 38. Nd4+ Kd5 39. b3 Bf1 40. h5 a4 41. bxa4 Kc4 42. a5 bxa5 43. Bxa5 gxh5 44. gxh5 Nf6 45. Nf5 Nxh5 46. Nd6+ Kb3 47.
Bb4 f6 48. Ne4 Bh3 49. Nc5+ Kc4 50. Ne4 Be6 51. Be7 f5 52. Ng5 Bg8 53. a4 h6 54.
Nh3 Bd5 55. a5 Kb5 56. Bd8 Ng7 57. Nf4 Bc6 58. Bb6 h5 59. Bd4 Ne8 60. Bc3 h4 61.
Be1 Nd6 62. Bxh4 Nc4+ 63. Kd4 Nd2 64. Ke5 Nxf3+ 65. Kxf5 Nxh4+ 66. Kg4 Nf3 67. Ne6 Kxa5 68. Kf4 Nd2 69. Ke3 Nb3 70. Nd4 Nxd4 71. Kxd4 1/2-1/2

[Event "*** MasterClass Titled Tuesday Blitz"]
[Site "Chess.com"]
[Date "2017.08.01"]
[Round "8"]
[White "AllStarShark"]
[Black "Bengalas"]
[Result "1/2-1/2"]
[WhiteElo "2320"]
[BlackElo "2458"]
[TimeControl "180+2"]
[EndTime "14:52:38 PDT"]
[Termination "Game drawn by agreement"]

1. d4 Nf6 2. Bg5 e6 3. e4 h6 4. Bxf6 Qxf6 5. c3 d5 6. Nd2 Qd8 7.
Bd3 c5 8. Ngf3 Nc6 9. O-O Be7 10. exd5 exd5 11. dxc5 Bxc5 12. Nb3 Be7 13. Nfd4 O-O 14. Qf3 a6 15. Nxc6 bxc6 16. Nd4 Qd6 17. Nf5 Bxf5 18. Qxf5 g6 19. Qh3 Kg7 20. Rfe1 Bf6 21. Qg3 Qxg3 22.
hxg3 a5 23. Rab1 Rab8 24. Rec1 h5 25. b3 c5 26. c4 d4 27. Be4 Rfe8 28. Re1 a4 29.
Bc2 a3 30. Rxe8 Rxe8 31. Kf1 Kf8 32. Re1 Rd8 33. Bd3 Rb8 34. Re4 Be7 35. Bc2 Bd6 36. Ke2 Rb6 37. Kd3 Bc7 38. Bd1 Rf6 39. Bf3 g5 40. Re2 g4 41. Bd5 Rb6 42. Kc2 Bd6 43. Re4 Bc7 44. Re2 Rf6 45. Kd3 Rh6 46. Re4 Bd6 47.
Kc2 f5 48. Re6 Kg7 49. Kd3 Rxe6 50. Bxe6 Kf6 51. Bc8 Kg5 52. Ke2 Be5 53. Be6 Bd6 54. Bd7 Bc7 55. Be6 Ba5 56. Bd7 Bc3 57. Be6 f4 58.
gxf4+ Kxf4 59. g3+ Kg5 60. Bd5 h4 61. gxh4+ Kxh4 62. Be4 Kg5 63. Kd3 Kf4 64. Bc6 Bb4 65. Bd5 Ba5 66.
Bc6 Bd8 67. Bd5 Bh4 68. Ke2 Ke5 69. Bc6 Kd6 70. Be4 Kc7 71. Bf5 g3 72. fxg3 Bxg3 73. Kd3 Kb6 74. Kc2 Ka5 75. Bd3 Kb4 76. Be4 Bf4 77.
Bd3 Be5 78. Be4 Bf4 79. Bd3 1/2-1/2

[Event "*** MasterClass Titled Tuesday Blitz"]
[Site "Chess.com"]
[Date "2017.08.01"]
[Round "8"]
[White "Giraffe_Chess"]
[Black "Grootneus"]
[Result "1/2-1/2"]
[WhiteElo "2218"]
[BlackElo "2064"]
[TimeControl "180+2"]
[EndTime "14:52:38 PDT"]
[Termination "Game drawn by repetition"]

1. e4 c5 2. Nf3 Nc6 3. d4 cxd4 4.
Nxd4 Nf6 5. Nc3 e5 6. Ndb5 d6 7.
Bg5 a6 8. Na3 b5 9. Nd5 Be7 10.
Bxf6 Bxf6 11. c4 b4 12. Nc2 O-O 13. Ncxb4 Nxb4 14. Nxb4 Qb6 15. Qd2 Rb8 16. Nd3 Qd4 17. f3 Qxc4 18. b3 Qd4 19. Rc1 d5 20. exd5 Qxd5 21. Rc5 Qd4 22. Rc4 Qd5 23. Nf2 Qxd2+ 24. Kxd2 Be6 25. Rc6 Rfd8+ 26. Bd3 a5 27. Ke2 Rbc8 28.
Rhc1 Rxc6 29. Rxc6 Be7 30. Be4 Rc8 31. Nd3 Rxc6 32. Bxc6 f6 33. Bb5 Bd5 34. Bc4 Bxc4 35. bxc4 Kf7 36. g4 Ke6 37. Kd2 g6 38. h3 f5 39. Kc3 e4 40. fxe4 fxe4 41. Nf2 Ke5 42. Kd2 Bc5 43. Nd1 Kd4 44. Ne3 Bb4+ 45. Ke2 Ba3 46. h4 Bc1 47. Nd5 Kxc4 48. Nf6 e3 49. Nxh7 Kc3 50. Nf8 Kb2 51. Nxg6 Kxa2 52. h5 Kb3 53. h6 a4 54. h7 Bb2 55. Nf4 a3 56. Nd3 Bg7 57. Kxe3 Kc2 58. Ke4 Kc3 59. Nc1 Kb2 60.
Nd3+ Kc3 61. Nc1 Kc2 62. Nd3 Kc3 63. Nc1 Kc2 64. Na2 Kb2 65. Nb4 Kb3 66. Nd3 Kc3 67. Nc1 Kc2 68. Nd3 Kc3 1/2-1/2

[Event "*** MasterClass Titled Tuesday Blitz"]
[Site "Chess.com"]
[Date "2017.08.01"]
[Round "8"]
[White "dretch"]
[Black "Gordima"]
[Result "0-1"]
[WhiteElo "2537"]
[BlackElo "2607"]
[TimeControl "180+2"]
[EndTime "14:53:07 PDT"]
[Termination "Gordima won on time"]

1. d4 d5 2. c4 e6 3. Nc3 a6 4.
cxd5 exd5 5. Bf4 Nf6 6. e3 Bd6 7. Bg5 Be6 8. Bd3 Nbd7 9. Nge2 h6 10. Bf4 Qe7 11. O-O O-O 12. Qb3 c5 13. Bxd6 Qxd6 14.
dxc5 Nxc5 15. Qa3 Rfd8 16. Rfd1 Ng4 17. Ng3 h5 18. Be2 h4 19. Bxg4 hxg3 20. hxg3 Bxg4 21.
Rxd5 Qxd5 22. Nxd5 Rxd5 23. e4 Re5 24. f3 Bd7 25. Qc3 Rae8 26. b4 Na4 27. Qc7 Bc6 28. Rd1 Nc3 29. Rd2 R5e7 30. Qb6 Na4 31. Qa7 g6 32. g4 Rc8 33. Rd6 Nc3 34. Qc5 Na4 35. Qg5 Rce8 36. Rd3 Rd7 37. Rxd7 Bxd7 38. Qf6 Bc6 39. Qd4 Re7 40. Qd8+ Re8 41. Qd4 Re7 42. Kh2 Rd7 43. Qe3 Nb2 44. Qc3 Nd1 45. Qc5 Rd2 46. a3 Re2 47. Kg3 Ne3 48. Kf4 Nxg2+ 49. Kg5 Re3 50. Kh6 Rxf3 51. Qd4 Rh3+ 52. Kg5 Rh8 53. Kf6 Nf4 54. Qe5 Ne6 55. Ke7 Rh7 56.
Qb8+ Kg7 57. Qe5+ Kh6 58. Qh2+ Kg7 59. Qe5+ Kg8 60. Kf6 Rg7 61. Qb8+ Nf8 62. e5 Bd5 63. Qd8 Bc6 64. Qc8 g5 65. Ke7 f6+ 66. Kxf6 Rg6+ 67. Ke7 Re6+ 68. Qxe6+ Nxe6 69. Kxe6 Kg7 70. Kf5 Kf7 71.
Kxg5 Ke6 72. Kf4 Be8 73. Ke4 Bc6+ 74. Kf4 Ba4 75. Ke4 b6 76. Kf4 Bc2 77. g5 Bb1 78. a4 Bc2 79. a5 b5 0-1

[Event "*** MasterClass Titled Tuesday Blitz"]
[Site "Chess.com"]
[Date "2017.08.01"]
[Round "8"]
[White "Marcus_Harvey"]
[Black "Rbrrt"]
[Result "0-1"]
[WhiteElo "2565"]
[BlackElo "2333"]
[TimeControl "180+2"]
[EndTime "14:55:42 PDT"]
[Termination "Rbrrt won by checkmate"]

1. Nf3 Nf6 2. b3 d5 3. Bb2 c5 4. e3 Nc6 5. Bb5 Qb6 6. a4 a6 7.
Bxc6+ Qxc6 8. O-O g6 9. Ne5 Qc7 10. d4 Bg7 11. dxc5 Ng4 12. Nxg4 Bxb2 13. Ra2 Bg7 14. h3 Qxc5 15. Nh2 O-O 16. Nf3 e5 17.
Qd2 Be6 18. b4 Qc4 19. Ra3 Rac8 20. Rc3 Qe4 21. Ng5 Qf5 22. Nxe6 fxe6 23. Na3 d4 24. Rxc8 Rxc8 25. c4 dxc3 26. Qd7 Rf8 27. f3 e4 28. Qxb7 c2 29. Nxc2 exf3 30. Nd4 f2+ 31. Kh2 Be5+ 32. g3 Bxd4 33. exd4 Qd3 34. Kg2 Qxd4 35. b5 axb5 36. axb5 e5 37. Qc6 e4 38. b6 Qd3 39. b7 Qf3+ 40.
Kh2 Qe2 41. Qe6+ Kg7 42. Qe5+ Kg8 43. b8=Q Qxf1 44. Qe6+ Kg7 45. Qbe5+ Kh6 46. Qg5+ Kxg5 47. Qg4+ Kh6 48. Qh4+ Kg7 49. Qe7+ Rf7 50. Qe5+ Kg8 51. Qe8+ Kg7 52. Qe5+ Kf8 53. Qh8+ Ke7 54. Qe5+ Kd7 55. Qd5+ Kc8 56. Qe6+ Rd7 57. Qe8+ Kc7 58. Qe5+ Rd6 59.
Qe7+ Kc6 60. Qxe4+ Rd5 61. Qe6+ Kc5 62. Qe7+ Kd4 63. Qa7+ Ke4 64. Qe7+ Re5 65. Qb7+ Kd4 66. Qb6+ Rc5 67. Qd6+ Kc4 68. Qa6+ Rb5 69. Qa4+ Kc5 70. Qa7+ Kb4 71. Qd4+ Qc4 72. Qb2+ Ka4 73. Qa1+ Kb4 74. Qb2+ Ka5 75. Qa3+ Qa4 76. Qc3+ Qb4 77. Qa1+ Kb6 78. Qf6+ Ka7 79. Qxf2+ Qc5 80. Qf7+ Ka6 81. Qa2+ Kb6 82.
Qe6+ Qc6 83. Qe3+ Rc5 84. Qb3+ Ka5 85. Qa3+ Kb6 86. Qb4+ Rb5 87. Qd4+ Qc5 88. Qf6+ Kc7 89. Qf7+ Kd6 90. Qf8+ Kd7 91. Qg7+ Qe7 92. Qd4+ Kc7 93.
Qa7+ Rb7 94. Qa5+ Kb8 95. Qa2 Qb4 96. Qg8+ Ka7 97. h4 Qb2+ 98. Kh3 Qb6 99. Qe8 Rc7 100. Qa4+ Kb7 101. Qe4+ Qc6 102. Qb4+ Kc8 103. Qf8+ Kb7 104. Qb4+ Qb6 105. Qe4+ Rc6 106. Qe7+ Qc7 107. Qb4+ Ka8 108. Qa4+ Kb8 109. Qb4+ Rb6 110. Qd2 Qd6 111. Qc3 Qf6 112. Qe3 Qf1+ 113. Kg4 Qf5# 0-1

[Event "*** MasterClass Titled Tuesday Blitz"]
[Site "Chess.com"]
[Date "2017.08.01"]
[Round "9"]
[White "MITerryble"]
[Black "sergiochess83"]
[Result "1/2-1/2"]
[WhiteElo "2697"]
[BlackElo "2678"]
[TimeControl "180+2"]
[EndTime "14:59:17 PDT"]
[Termination "Game drawn by agreement"]

1. d4 Nf6 2. Nf3 g6 3. Bg5 Bg7 4. Nbd2 O-O 5. c3 d5 6. e3 Nbd7 7. Be2 c5 8. O-O b6 9. a4 a6 10. h3 Bb7 11. Bf4 Rc8 12. Qb3 e6 13. Rfd1 Qe7 14.
Qa3 Rfd8 15. Ne5 Nxe5 16. Bxe5 Nd7 17. Bxg7 Kxg7 18. a5 b5 19. b4 c4 1/2-1/2

[Event "*** MasterClass Titled Tuesday Blitz"]
[Site "Chess.com"]
[Date "2017.08.01"]
[Round "9"]
[White "ChessQueen"]
[Black "jb2mix"]
[Result "0-1"]
[WhiteElo "2574"]
[BlackElo "2488"]
[TimeControl "180+2"]
[EndTime "14:59:36 PDT"]
[Termination "jb2mix won by checkmate"]

1. e4 e5 2. Nf3 Nc6 3. Bc4 Bc5 4. O-O Nf6 5. d3 a6 6. a4 O-O 7. Nc3 h6 8. h3 d6 9. Bd2 Be6 10. Bxe6 fxe6 11. Qe2 Qe8 12. Nd1 Nh5 13. Kh1 Nf4 14. Bxf4 Rxf4 15. c3 Qf7 16. Ne3 Rf8 17. b4 Bb6 18.
Ra2 Qh5 19. Rg1 Rxf3 20. gxf3 Qxh3# 0-1

[Event "*** MasterClass Titled Tuesday Blitz"]
[Site "Chess.com"]
[Date "2017.08.01"]
[Round "9"]
[White "beastfromweast"]
[Black "ka1ser64"]
[Result "0-1"]
[WhiteElo "2268"]
[BlackElo "2365"]
[TimeControl "180+2"]
[EndTime "15:00:50 PDT"]
[Termination "ka1ser64 won by checkmate"]

1. d4 d5 2. Nf3 Nf6 3. c4 dxc4 4.
e3 e6 5. Bxc4 c5 6. O-O a6 7. a4 Nc6 8. Nc3 Qc7 9. Qe2 Bd6 10.
Rd1 O-O 11. b3 b6 12. Ba3 Bb7 13. dxc5 bxc5 14. Rac1 Rfd8 15. h3 Na5 16. Bb2 Nxc4 17. Qxc4 Bxf3 18. gxf3 Rab8 19. Ne4 Nxe4 20. fxe4 Rb4 21.
Qc3 Bf8 22. Qxb4 Rxd1+ 23. Kg2 Rxc1 24. Qd2 Rb1 25. Qc2 Rxb2 26. Qxb2 Qb6 27. Qc3 Qb4 28. Qd3 a5 29. Kf3 g6 30. h4 Be7 31.
h5 gxh5 32. Qd7 Bf6 33. e5 Qg4# 0-1

[Event "*** MasterClass Titled Tuesday Blitz"]
[Site "Chess.com"]
[Date "2017.08.01"]
[Round "9"]
[White "IMcoach"]
[Black "Tash_Boy"]
[Result "1-0"]
[WhiteElo "2361"]
[BlackElo "2441"]
[TimeControl "180+2"]
[EndTime "15:00:58 PDT"]
[Termination "IMcoach won by resignation"]

1. e4 c5 2. Nf3 e6 3. d3 d5 4. Qe2 Nc6 5. g3 dxe4 6. dxe4 Nf6 7. e5 Nd5 8. Bg2 Be7 9. h4 Qc7 10. O-O O-O 11. c4 Nb6 12. Bg5 Nd4 13. Nxd4 cxd4 14.
Nd2 Bxg5 15. hxg5 Bd7 16. b3 Bc6 17. Rae1 Bxg2 18. Kxg2 Rad8 19. Qh5 Qc6+ 20. f3 g6 21. Qh6 f5 22. gxf6 Rf7 23. Ne4 d3 24. Ng5 Qd7 25.
Rd1 a5 26. Rd2 Na8 27. Rfd1 Nc7 28. Nxf7 Qxf7 29. Rxd3 1-0

[Event "*** MasterClass Titled Tuesday Blitz"]
[Site "Chess.com"]
[Date "2017.08.01"]
[Round "9"]
[White "popov_m"]
[Black "dretch"]
[Result "0-1"]
[WhiteElo "2425"]
[BlackElo "2547"]
[TimeControl "180+2"]
[EndTime "15:01:05 PDT"]
[Termination "dretch won by resignation"]

1. d4 d5 2. Bf4 c5 3. e3 Nc6 4. c3 Nf6 5. Nd2 Bf5 6. Ngf3 e6 7. Bb5 Nd7 8. Ne5 Ncxe5 9. Bxe5 a6 10. Bxd7+ Qxd7 11. Qh5 Bg6 12. Qh3 Qb5 13. c4 Qxb2 14. O-O Qxd2 15.
cxd5 Qd3 16. dxe6 Qf5 17. Qg3 Qxe6 18. Qf3 f6 19. Qxb7 Qc8 20. Qd5 Bf7 21. Qe4 fxe5 22.
Qxe5+ Qe6 0-1

[Event "*** MasterClass Titled Tuesday Blitz"]
[Site "Chess.com"]
[Date "2017.08.01"]
[Round "9"]
[White "DiamondCrusher22"]
[Black "Jahonas"]
[Result "1-0"]
[WhiteElo "2068"]
[BlackElo "2183"]
[TimeControl "180+2"]
[EndTime "15:01:26 PDT"]
[Termination "DiamondCrusher22 won by resignation"]

1. e4 c6 2. Bc4 d5 3. Bb3 e6 4.
e5 c5 5. c3 Nc6 6. d4 Qb6 7. Nf3 cxd4 8. cxd4 Nge7 9. Nc3 Nf5 10. Na4 Qa5+ 11. Bd2 Bb4 12. Nc3 Nfxd4 13. Nxd4 Nxd4 14.
Ba4+ Nc6 15. Qg4 O-O 16. Bxc6 bxc6 17. O-O f5 18. exf6 Rxf6 19. a3 e5 20. Qxb4 Qxb4 21. axb4 1-0

[Event "*** MasterClass Titled Tuesday Blitz"]
[Site "Chess.com"]
[Date "2017.08.01"]
[Round "9"]
[White "silverback96"]
[Black "AllStarShark"]
[Result "0-1"]
[WhiteElo "2121"]
[BlackElo "2324"]
[TimeControl "180+2"]
[EndTime "15:01:55 PDT"]
[Termination "AllStarShark won by resignation"]

1. g3 d5 2. Bg2 c6 3. c4 e5 4. d4 e4 5. Nh3 Nf6 6. Bg5 Nbd7 7. f3 h6 8. Bxf6 Nxf6 9. fxe4 Nxe4 10. Bxe4 Bxh3 11. Bf3 dxc4 12. Qa4 Qxd4 13. Bxc6+ Bd7 14. Bxd7+ Qxd7 15. Qxc4 Rc8 16. Qe4+ Be7 17. Nc3 O-O 18. O-O Rfe8 19. Kg2 Bf6 20. Qf3 Bxc3 21. bxc3 Qc6 22. Qxc6 Rxc6 23. Rac1 Rxe2+ 24. Rf2 Rce6 25. Kf3 R6e3+ 26.
Kf4 Rxf2+ 27. Kxe3 Rxh2 28. a4 Ra2 29. Rb1 b6 30.
Rb4 Ra3 31. Rc4 g6 32. Kd3 Kg7 33. g4 g5 34. Kc2 Ra1 35. Kb2 Rg1 36. Rc7 a5 37. Rc6 Rxg4 38. Rxb6 Rxa4 39. Kb3 Ra1 40. c4 Rb1+ 0-1